MLB
BALTIMORE ORIOLES @ CLEVELAND GUARDIANS
05/20/2042
 
TOP OF THE 1ST
Baltimore Orioles batting - Pitching for Cleveland Guardians : RHP Jorge Rincón
Pitching: RHP Jorge Rincón
Batting: RHB Jon Hughes 0-0: Foul Ball, location: 2F
0-1: Called Strike
0-2: Ball
1-2: Fly out, F7 (Flyball, 7S, EV 81.9 MPH)
Batting: RHB Joe Cavanagh 0-0: Swinging Strike
0-1: Ball
1-1: Called Strike
1-2: Strikes out swinging
Batting: LHB Juan Jose Cabrera 0-0: SINGLE (Groundball, 5D, EV 96.3 MPH)
Batting: RHB Kratukarana Multani 0-0: Called Strike
0-1: Ball
1-1: Swinging Strike
1-2: Fly out, F7 (Flyball, 7LSF, EV 95.6 MPH)
Top of the 1st over - 0 runs, 1 hit, 0 errors, 1 left on base; Baltimore 0 - Cleveland 0
BOTTOM OF THE 1ST
Cleveland Guardians batting - Pitching for Baltimore Orioles : LHP Rob Reynolds
Pitching: LHP Rob Reynolds
Batting: RHB José Rodríguez 0-0: Ball
1-0: Swinging Strike
1-1: Foul Ball, location: 2F
1-2: Ball
2-2: Foul Ball, location: 3FF
2-2: Strikes out swinging
Batting: RHB Jeff Jacobs 0-0: Called Strike
0-1: Hit by Pitch
Batting: RHB Luis García 0-0: Ball
1-0: Fly out, F7 (Flyball, 7S, EV 86.9 MPH)
Batting: RHB Raúl Benítez 0-0: Called Strike
0-1: Ball
1-1: Ball
2-1: Ball
3-1: Fly out, F9 (Flyball, 9LS, EV 83.8 MPH)
Bottom of the 1st over - 0 runs, 0 hits, 0 errors, 1 left on base; Baltimore 0 - Cleveland 0
TOP OF THE 2ND
Baltimore Orioles batting - Pitching for Cleveland Guardians : RHP Jorge Rincón
Batting: LHB Samad Beybukov 0-0: Ball
1-0: Ball
2-0: Ball
3-0: Foul Ball, location: 5FF
3-1: Ground out 4-3 (Groundball, 34, EV 96.3 MPH)
Batting: RHB Mikolas Polansky 0-0: Fly out, F9 (Flyball, 9LMF, EV 88.8 MPH)
Batting: RHB Sean Manley 0-0: Called Strike
0-1: Ground out 5-3 (Groundball, 5S, EV 81.9 MPH)
Top of the 2nd over - 0 runs, 0 hits, 0 errors, 0 left on base; Baltimore 0 - Cleveland 0
BOTTOM OF THE 2ND
Cleveland Guardians batting - Pitching for Baltimore Orioles : LHP Rob Reynolds
Batting: RHB Faust Ghisolfi 0-0: Ball
1-0: Called Strike
1-1: Foul Ball, location: 2F
1-2: Strikes out swinging
Batting: LHB António Caligas 0-0: Swinging Strike
0-1: Ball
1-1: SINGLE (Line Drive, 6M, EV 96.9 MPH)
Batting: SHB Tim Webster 0-0: Called Strike
0-1: Swinging Strike
0-2: Ball
1-2: Strikes out swinging
Batting: LHB Juan Morales 0-0: Swinging Strike
0-1: Ball
1-1: Swinging Strike
1-2: Ball
2-2: Foul Ball, location: 9LSFF
2-2: Strikes out swinging
Bottom of the 2nd over - 0 runs, 1 hit, 0 errors, 1 left on base; Baltimore 0 - Cleveland 0
TOP OF THE 3RD
Baltimore Orioles batting - Pitching for Cleveland Guardians : RHP Jorge Rincón
Batting: RHB Remigio Aguilar 0-0: Called Strike
0-1: Ball
1-1: Ground out 6-3 (Groundball, 56, EV 83.1 MPH)
Batting: LHB Greg Martin 0-0: Ball
1-0: Fly out, F7 (Flyball, 7D, EV 99.4 MPH)
Batting: RHB Jon Hughes 0-0: Ball
1-0: Ball
2-0: Fly out, F9 (Flyball, 89S, EV 89.4 MPH)
Top of the 3rd over - 0 runs, 0 hits, 0 errors, 0 left on base; Baltimore 0 - Cleveland 0
BOTTOM OF THE 3RD
Cleveland Guardians batting - Pitching for Baltimore Orioles : LHP Rob Reynolds
Batting: RHB Josh Wilson 0-0: Ball
1-0: Ball
2-0: Foul Ball, location: 25FF
2-1: Ball
3-1: Foul Ball, location: 2F
3-2: Foul Ball, location: 2F
3-2: DOUBLE (Flyball, 8RXD, EV 93.8 MPH)
Batting: RHB José Rodríguez 0-0: Ground out 6-3 (Groundball, 6, EV 85.6 MPH)
Josh Wilson to third
Batting: RHB Jeff Jacobs 0-0: Ground out 6-3 (Groundball, 6, EV 86.3 MPH)
Josh Wilson scores
Batting: RHB Luis García 0-0: Ball
1-0: Ball
2-0: Foul Ball, location: 5F
2-1: Ground out 5-3 (Groundball, 5S, EV 81.3 MPH)
Bottom of the 3rd over - 1 run, 1 hit, 0 errors, 0 left on base; Baltimore 0 - Cleveland 1
TOP OF THE 4TH
Baltimore Orioles batting - Pitching for Cleveland Guardians : RHP Jorge Rincón
Batting: RHB Joe Cavanagh 0-0: Ball
1-0: Foul Ball, location: 2F
1-1: Ball
2-1: Swinging Strike
2-2: Ground out 4-3 (Groundball, 4S, EV 88.8 MPH)
Batting: LHB Juan Jose Cabrera 0-0: Ground out 6-3 (Groundball, 6S, EV 80.0 MPH)
Batting: RHB Kratukarana Multani 0-0: Ball
1-0: Swinging Strike
1-1: Foul Ball, location: 2F
1-2: Ball
2-2: Foul Ball, location: 2F
2-2: Ball
3-2: SINGLE (Line Drive, 8RS, EV 103.8 MPH)
Batting: LHB Samad Beybukov 0-0: Foul Ball, location: 3F
0-1: Foul Ball, location: 7LMF
0-2: Ground out 4-3 (Groundball, 34, EV 83.1 MPH)
Top of the 4th over - 0 runs, 1 hit, 0 errors, 1 left on base; Baltimore 0 - Cleveland 1
BOTTOM OF THE 4TH
Cleveland Guardians batting - Pitching for Baltimore Orioles : LHP Rob Reynolds
Batting: RHB Raúl Benítez 0-0: Called Strike
0-1: Ball
1-1: Called Strike
1-2: Foul Ball, location: 5F
1-2: Foul Ball, location: 2LF
1-2: TRIPLE (Flyball, 9LD, EV 93.1 MPH)
Batting: RHB Faust Ghisolfi 0-0: Ball
1-0: Foul Ball, location: 2F
1-1: Foul Ball, location: 5F
1-2: Ball
2-2: Ball
3-2: Ground out 6-3 (Groundball, 6, EV 104.4 MPH)
Batting: LHB António Caligas 0-0: Called Strike
0-1: Ball
1-1: Ground out 4-3 (Groundball, 4, EV 78.1 MPH)
Raúl Benítez scores
Batting: SHB Tim Webster 0-0: Ball
1-0: Ball
2-0: Foul Ball, location: 2F
2-1: Foul Ball, location: 3FF
2-2: Foul Ball, location: 9LDF
2-2: Ball
3-2: Foul Ball, location: 5FF
3-2: Fly out, F6 (Popup, 6S, EV 83.8 MPH)
Bottom of the 4th over - 1 run, 1 hit, 0 errors, 0 left on base; Baltimore 0 - Cleveland 2
TOP OF THE 5TH
Baltimore Orioles batting - Pitching for Cleveland Guardians : RHP Jorge Rincón
Batting: RHB Mikolas Polansky 0-0: Called Strike
0-1: Fly out, F9 (Flyball, 9LD, EV 83.8 MPH)
Batting: RHB Sean Manley 0-0: Ball
1-0: Called Strike
1-1: Ball
2-1: Called Strike
2-2: Foul Ball, location: 9LSF
2-2: Ball
3-2: Strikes out swinging
Batting: RHB Remigio Aguilar 0-0: Ball
1-0: Ball
2-0: Ground out 1-3 (Groundball, P, EV 69.4 MPH)
Top of the 5th over - 0 runs, 0 hits, 0 errors, 0 left on base; Baltimore 0 - Cleveland 2
BOTTOM OF THE 5TH
Cleveland Guardians batting - Pitching for Baltimore Orioles : LHP Rob Reynolds
Batting: LHB Juan Morales 0-0: Called Strike
0-1: SINGLE (Line Drive, 4D, EV 95.6 MPH)
Batting: RHB Josh Wilson 0-0: Fly out, F9 (Flyball, 9, EV 95.0 MPH)
Batting: RHB José Rodríguez 0-0: SINGLE (Groundball, 6MD, EV 103.1 MPH)
Juan Morales to second
Runner from 2nd tries for 3rd, SAFE, throw by CF made to third
Batting: RHB Jeff Jacobs 0-0: Called Strike
0-1: SINGLE (Line Drive, 56D, EV 104.4 MPH)
Juan Morales scores
José Rodríguez to second
Batting: RHB Luis García 0-0: Ball
1-0: Swinging Strike
1-1: Called Strike
1-2: Ball
2-2: Foul Ball, location: 9LMF
2-2: Foul Ball, location: 9LDF
2-2: Strikes out swinging
Batting: RHB Raúl Benítez 0-0: Ball
1-0: Ball
2-0: Ball
3-0: Called Strike
3-1: Foul Ball, location: 5FF
3-2: Foul Ball, location: 23F
3-2: Foul Ball, location: 5FF
3-2: Foul Ball, location: 3DF
3-2: Strikes out looking
Bottom of the 5th over - 1 run, 3 hits, 0 errors, 2 left on base; Baltimore 0 - Cleveland 3
TOP OF THE 6TH
Baltimore Orioles batting - Pitching for Cleveland Guardians : RHP Jorge Rincón
Batting: LHB Greg Martin 0-0: Ball
1-0: Ball
2-0: Ground out 6-3 (Groundball, 6, EV 84.4 MPH)
Batting: RHB Jon Hughes 0-0: Ball
1-0: Ball
2-0: DOUBLE (Line Drive, 89D, EV 105.6 MPH)
Batting: RHB Joe Cavanagh 0-0: Fly out, F8 (Flyball, 8LD, EV 90.0 MPH)
Runner from 2nd tags up, SAFE at 3rd with throw by CF
Batting: LHB Juan Jose Cabrera 0-0: Foul Ball, location: 5FF
0-1: Ball
1-1: Called Strike
1-2: Foul Ball, location: 9LDF
1-2: Ground out U3 (Groundball, 34, EV 90.6 MPH)
Top of the 6th over - 0 runs, 1 hit, 0 errors, 1 left on base; Baltimore 0 - Cleveland 3
BOTTOM OF THE 6TH
Cleveland Guardians batting - Pitching for Baltimore Orioles : LHP Rob Reynolds
Pitching: RHP Donnie Caldwell
Batting: RHB Faust Ghisolfi 0-0: Ball
1-0: Foul Ball, location: 2F
1-1: Ball
2-1: Ball
3-1: Called Strike
3-2: Foul Ball, location: 25FF
3-2: Fly out, F7 (Flyball, 7, EV 92.5 MPH)
Batting: LHB António Caligas 0-0: Swinging Strike
0-1: Fly out, F8 (Flyball, 8LD, EV 85.0 MPH)
Batting: SHB Tim Webster 0-0: Called Strike
0-1: SINGLE (Groundball, 4MD, EV 107.5 MPH)
Batting: LHB Juan Morales 0-0: Ball
1-0: Foul Ball, location: 7LSF
1-1: SINGLE (Flyball, 89S, EV 88.1 MPH)
Tim Webster to second
Batting: RHB Josh Wilson 0-0: Ball
1-0: Foul Ball, location: 2F
1-1: SINGLE (Groundball, 6, EV 103.1 MPH)
Tim Webster to third
Juan Morales to second
Runner from 3rd tries for Home, SAFE, throw by CF to home
Batting: RHB José Rodríguez 0-0: Ball
1-0: Ball
2-0: DOUBLE (Groundball, 5L, EV 106.3 MPH)
Juan Morales scores
Josh Wilson to third
Runner from 3rd tries for Home, SAFE, throw by LF to home
Batting: RHB Jeff Jacobs 0-0: Called Strike
0-1: Swinging Strike
0-2: Strikes out swinging
Bottom of the 6th over - 3 runs, 4 hits, 0 errors, 1 left on base; Baltimore 0 - Cleveland 6
TOP OF THE 7TH
Baltimore Orioles batting - Pitching for Cleveland Guardians : RHP Jorge Rincón
Batting: RHB Kratukarana Multani 0-0: Swinging Strike
0-1: Foul Ball, location: 5SF
0-2: Strikes out swinging
Batting: LHB Samad Beybukov 0-0: Swinging Strike
0-1: Foul Ball, location: 3F
0-2: Strikes out swinging
Batting: RHB Mikolas Polansky 0-0: Ball
1-0: Foul Ball, location: 3DF
1-1: Called Strike
1-2: Ground out 6-3 (Groundball, 56, EV 102.5 MPH)
Top of the 7th over - 0 runs, 0 hits, 0 errors, 0 left on base; Baltimore 0 - Cleveland 6
BOTTOM OF THE 7TH
Cleveland Guardians batting - Pitching for Baltimore Orioles : RHP Donnie Caldwell
Batting: RHB Luis García 0-0: Fly out, F9 (Flyball, 9S, EV 81.9 MPH)
Batting: RHB Raúl Benítez 0-0: Called Strike
0-1: Ground out U3 (Groundball, 34, EV 84.4 MPH)
Batting: RHB Faust Ghisolfi 0-0: Ball
1-0: Foul Ball, location: 9LSFF
1-1: Foul Ball, location: 23F
1-2: Foul Ball, location: 25F
1-2: Foul Ball, location: 2F
1-2: Ball
2-2: Ball
3-2: Foul Ball, location: 9LMF
3-2: Ground out 6-3 (Groundball, 6, EV 78.8 MPH)
Bottom of the 7th over - 0 runs, 0 hits, 0 errors, 0 left on base; Baltimore 0 - Cleveland 6
TOP OF THE 8TH
Baltimore Orioles batting - Pitching for Cleveland Guardians : RHP Jorge Rincón
Batting: RHB Sean Manley 0-0: SINGLE (Flyball, 6D, EV 96.3 MPH)
Batting: RHB Remigio Aguilar 0-0: Called Strike
0-1: Called Strike
0-2: Strikes out swinging
Batting: LHB Greg Martin 0-0: Swinging Strike
0-1: Swinging Strike
0-2: Ball
1-2: Ball
2-2: Grounds into double play, 4-6-3 (Groundball, 4MD, EV 98.8 MPH)
Top of the 8th over - 0 runs, 1 hit, 0 errors, 0 left on base; Baltimore 0 - Cleveland 6
BOTTOM OF THE 8TH
Cleveland Guardians batting - Pitching for Baltimore Orioles : RHP Donnie Caldwell
Batting: LHB António Caligas 0-0: Ball
1-0: Foul Ball, location: 23F
1-1: Ball
2-1: Fly out, F8 (Flyball, 78S, EV 87.5 MPH)
Batting: SHB Tim Webster 0-0: Called Strike
0-1: Ball
1-1: Ball
2-1: Foul Ball, location: 7LSF
2-2: Ground out 5-3 (Groundball, 56, EV 93.1 MPH)
Batting: LHB Juan Morales 0-0: Ball
1-0: Ball
2-0: Called Strike
2-1: Ball
3-1: Foul Ball, location: 9LDF
3-2: SINGLE (Flyball, 8RS, EV 90.0 MPH)
Batting: RHB Josh Wilson 0-0: Foul Ball, location: 5FF
0-1: Ball
1-1: Ball
2-1: Foul Ball, location: 2F
2-2: Ground out U3 (Groundball, 34S, EV 86.3 MPH)
Bottom of the 8th over - 0 runs, 1 hit, 0 errors, 1 left on base; Baltimore 0 - Cleveland 6
TOP OF THE 9TH
Baltimore Orioles batting - Pitching for Cleveland Guardians : RHP Jorge Rincón
Batting: RHB Jon Hughes 0-0: Called Strike
0-1: Foul Ball, location: 9LMF
0-2: Ball
1-2: Foul Ball, location: 2F
1-2: DOUBLE (Line Drive, 9LM, EV 108.1 MPH)
Batting: RHB Joe Cavanagh 0-0: Swinging Strike
0-1: Ground out 6-3 (Groundball, 6, EV 86.3 MPH)
Batting: LHB Juan Jose Cabrera 0-0: Fly out, F8 (Line Drive, 8RS, EV 93.8 MPH)
Batting: RHB Kratukarana Multani 0-0: Swinging Strike
0-1: Called Strike
0-2: Foul Ball, location: 9LSF
0-2: Foul Ball, location: 9LDF
0-2: Fly out, F2 (Popup, 3SF, EV 80.0 MPH)
Top of the 9th over - 0 runs, 1 hit, 0 errors, 1 left on base; Baltimore 0 - Cleveland 6
Friday, May 3rd , 2024 - OOTP Baseball 24.10 Build 82